 Dungeon Crawl Stone Soup version 0.23.2-1-ga50397a (webtiles) character file.

Game seed: 11930146813986009151

59 Iscandelvey the Vexing (level 3, 0/26 HPs)
             Began as a Demonspawn Arcane Marksman on Apr 30, 2019.
             Slain by Grinder (6 damage)
             ... on level 3 of the Dungeon.
             The game lasted 00:00:57 (1455 turns).

Iscandelvey the Vexing (Demonspawn Arcane Marksman) Turns: 1455, Time: 00:01:00

Health: 0/26       AC:  2    Str: 10    XL:     3   Next: 78%
Magic:  4/4        EV: 12    Int: 15    God:
Gold:   139        SH:  0    Dex: 13    Spells: 3/4 levels left

rFire    . . .     SeeInvis .   a - +0 hand crossbow
rCold    . . .     Gourm    .   (no shield)
rNeg     . . .     Faith    .   e - +0 robe
rPois    .         Spirit   .   (no helmet)
rElec    .         Reflect  .   (no cloak)
rCorr    +         Harm     +   (no gloves)
MR       .....                  (no boots)
Stlth    ++........             b - amulet of harm
HPRegen  0.08/turn              l - ring of resist corrosion
MPRegen  0.09/turn              (no ring)

@: no status effects
A: nightstalker 1
a: no special abilities


You were on level 3 of the Dungeon.
You were hungry.

You visited 1 branch of the dungeon, and saw 3 of its levels.

You collected 139 gold pieces.

Inventory:

Hand Weapons
 a - a +0 hand crossbow (weapon)
Missiles
 d - 8 bolts (quivered)
Armour
 e - a +0 robe (worn)
Jewellery
 b - an amulet of harm (around neck)
 l - a ring of resist corrosion (left hand)
 m - an uncursed ring of stealth
Scrolls
 c - 6 scrolls of remove curse {unknown}
 g - a scroll of teleportation {unknown}
 h - 5 scrolls of identify {unknown}
 i - a scroll of blinking {unknown}
 j - a scroll of magic mapping {unknown}
Potions
 k - a potion of mutation {unknown}
Comestibles
 f - 5 rations


   Skills:
 + Level 1.4 Fighting
 + Level 3.1 Crossbows
 + Level 2.1 Dodging
 + Level 1.0 Spellcasting
 + Level 3.2 Hexes


You had 3 spell levels left.
You knew the following spells:

 Your Spells              Type           Power        Failure   Level  Hunger
a - Corona                Hex            ##.....      6%          1    ##.....

Your spell library contained the following spells:

 Spells                   Type           Power        Failure   Level  Hunger
 Slow                     Hex            ##......     10%         2    ###....
 Inner Flame              Hex/Fire       #.......     36%         3    ####...
 Portal Projectile        Hex/Tloc       #.....       36%         3    ####...
 Cause Fear               Hex            ##........   54%         4    #####..
 Leda's Liquefaction      Hex/Erth       #.........   77%         4    #####..


Dungeon Overview and Level Annotations

Branches:
Dungeon (3/15)

Altars:

Annotations:
D:3 Grinder


Innate Abilities, Weirdness & Mutations

You are slightly more attuned to the shadows.


Message History

You suddenly lose the ability to move!
You can move again.
Firing (i - inventory)
d - 10 bolts (quivered)
Press: ? - help, Shift-Dir - straight line, f/p - Grinder
Aim: Grinder (lightly wounded)
You shoot a bolt. The bolt hits Grinder.
Grinder is lightly wounded.
Grinder gestures at you.
You shrug off the repeated paralysis!
Firing (i - inventory)
d - 9 bolts (quivered)
Press: ? - help, Shift-Dir - straight line, f/p - Grinder
Aim: Grinder (lightly wounded)
You shoot a bolt. The bolt hits Grinder.
Grinder is moderately wounded.
Grinder hits you!
Ouch! That really hurt!
You writhe in agony.
Grinder hits you.
* * * LOW HITPOINT WARNING * * *
You writhe in agony.
You die...

##############
#.†..........#
#.##########.#
#.# #.# #.#
#@#
#####.#####
#5#
...........#
#.#
#####.####.#
#.. .<.....#
#(. .####..#
.... .# #..#
#(($ .# #..#
.# ..#


You could see Grinder.

Vanquished Creatures
  An adder (D:2)
  2 worms (D:2)
  3 dart slugs
  A leopard gecko (D:2)
  4 hobgoblins
  5 jackals (D:1)
  5 bats
  5 goblins
  6 kobolds
  5 rats (D:2)
37 creatures vanquished.

Notes
Turn   | Place    | Note
-------+----------+-------------------------------------------
     0 | D:1      | Iscandelvey the Demonspawn Arcane Marksman began the quest
                  | for the Orb.
     0 | D:1      | Reached XP level 1. HP: 15/15 MP: 2/2
    89 | D:1      | Gained mutation: You are slightly more attuned to the
                  | shadows. [demonic ancestry]
    89 | D:1      | Reached XP level 2. HP: 21/21 MP: 3/3
   666 | D:2      | Reached XP level 3. HP: 26/26 MP: 4/4
  1448 | D:3      | Noticed Grinder
  1452 | D:3      | Paralysed by Grinder for 2 turns
  1455 | D:3      | Slain by Grinder

Skill      XL: |  1  2  3 |
---------------+----------+-----
Dodging        | 2 |  2.1
Crossbows      | 2 3 |  3.1
Fighting       | |  1.4
Spellcasting   | |  1.0
Hexes          | |  3.2

Action                   || total
-------------------------++-------
 Fire: Hand crossbow     ||    93
  Eat: Chunk             ||     1
Armor: Robe              ||     1
Dodge: Dodged            ||    21
